 Dungeon Crawl Stone Soup version 0.29.0-4-gdea44cf6ec (webtiles) character file.

Game seed: 11256866777769093987

52 qw the Chopper (level 3, 0/21 HPs)
             Began as a Tengu Warper on Aug 28, 2022.
             Slain by Sigmund
             ... wielding a +0 scythe
              (3 damage)
             ... on level 2 of the Dungeon.
             The game lasted 00:00:09 (1592 turns).

qw the Chopper (Tengu Warper)                       Turns: 1592, Time: 00:00:10

Health: 0/21       AC:  3    Str: 13    XL:     3   Next: 85%
Magic:  7/7        EV: 12    Int: 13    God:
Gold:   128        SH:  0    Dex: 13    Spells: 6/6 levels left

rFire   . . .      SeeInvis .   Y - +0 hand axe
rCold   . . .      Faith    .   (no shield)
rNeg    . . .      Spirit   .   b - +0 leather armour
rPois   .          Reflect  .   (helmet restricted)
rElec   .          Harm     .   (no cloak)
rCorr   .          Rampage  .   (no gloves)
Will    .....                   (boots unavailable)
Stlth   +.........              (no amulet)
HPRegen 0.07/turn               (no ring)
MPRegen 0.10/turn               (no ring)

@: no status effects
A: beak, talons 3
a: no special abilities


You were on level 2 of the Dungeon.
You visited 1 branch of the dungeon, and saw 2 of its levels.

You collected 128 gold pieces.


Innate Abilities, Weirdness & Mutations

You have a beak for a mouth.
You have claws for feet.


   Skills:
 - Level 2.0 Fighting
 + Level 4.4 Axes
 - Level 1.0 Throwing
 - Level 1.1 Armour
 - Level 2.1 Dodging
 - Level 2.0 Spellcasting
 - Level 2.4 Translocations


You had 6 spell levels left.
You didn't know any spells.
Your spell library contained the following spells:

 Spells                   Type           Power      Damage    Failure   Level
 Blink                    Tloc           14%        N/A       19%         2
 Gell's Gravitas          Tloc           7%         N/A       36%         3
 Lesser Beckoning         Tloc           7%         N/A       36%         3
 Teleport Other           Tloc           7%         N/A       36%         3
 Manifold Assault         Tloc           7%         N/A       98%         5

Inventory:

Hand Weapons
 e - a +0 whip
 Y - a +0 hand axe (weapon)
Armour
 b - a +0 leather armour (worn)
 d - a +0 chain mail
Scrolls
 a - a scroll of teleportation {unknown}
 c - a scroll of poison {unknown}
 g - a scroll of identify
Potions
 f - a potion of might {unknown}
 h - a potion of magic {unknown}
 i - a potion of invisibility {unknown}
 j - 4 potions of brilliance {unknown}

Dungeon Overview and Level Annotations

Branches:
Dungeon (2/15)

Altars:

Annotations:
D:2 Sigmund


Message History

You completely miss the endoplasm. You claw the endoplasm.
You kill the endoplasm!
Sigmund the Dreaded comes into view.
He is wielding a +0 scythe.
You hit Sigmund but do no damage. You claw Sigmund. Your peck misses Sigmund.
Sigmund is moderately wounded.
Sigmund closely misses you.
You closely miss Sigmund.
Sigmund is moderately wounded.
Sigmund barely misses you.
You barely miss Sigmund. You claw Sigmund, but do no damage.
You peck Sigmund, but do no damage.
Sigmund is moderately wounded.
Sigmund hits you with a +0 scythe.
You hit Sigmund. You claw Sigmund.
Sigmund is heavily wounded.
You closely miss Sigmund. Your kick misses Sigmund. Your punch misses Sigmund.
Sigmund is heavily wounded.
Sigmund points at you and mumbles some strange words.
The magic dart hits you.
You hit Sigmund. Your peck misses Sigmund.
Sigmund is heavily wounded.
Sigmund gestures at you while chanting.
You are confused.
You closely miss Sigmund. Your kick misses Sigmund. You peck Sigmund.
Sigmund is severely wounded.
Sigmund hits you with a +0 scythe!
You miss Sigmund. Your peck misses Sigmund.
Sigmund is severely wounded.
Sigmund whispers, "You'll know eternity soon."
Sigmund casts a spell.
Sigmund flickers and vanishes!
Deactivating autopickup; reactivate with Ctrl-A.
You're too confused to attack without stumbling around!
There is a strange disturbance nearby!
Something hits you.
You're too confused to attack without stumbling around!
There is a strange disturbance nearby!
You feel less confused. Something hits you.
You die...

#...###~~#~.~~~+..........
#.#......~~~...~.....####.
#.####..##~~~~##~....# #.
#.# #..#..##~#......# #.
#.# ###.#8~~..~.#.#### #.
#.###...###~~##...#
#...#.#~~.~~~...###
###...#.......##
###....@#...# #.#.##{# .#
#.#.#.## #....# #.#.##
#.#.. #.... ## ..


There were no monsters in sight!

Vanquished Creatures
  An adder (D:2)
  2 worms (D:2)
  2 ball pythons (D:1)
  3 bats
  8 endoplasms
  2 goblins
  A hobgoblin (D:1)
  3 jackals (D:2)
  3 kobolds
  2 quokkas
  A frilled lizard (D:1)
  4 rats
  A spectral hobgoblin (D:2)
33 creatures vanquished.

Notes
Turn   | Place    | Note
-------+----------+-------------------------------------------
     0 | D:1      | qw the Tengu Warper began the quest for the Orb.
     0 | D:1      | Reached XP level 1. HP: 12/12 MP: 4/4
     0 | D:1      | 0 ||| qw: Version: 0.1-a-89-g26bdef1
     0 | D:1      | 0 ||| qw: Game counter: 2837
     0 | D:1      | 0 ||| qw: Always use a shield: true
     0 | D:1      | 0 ||| qw: God list: Okawaru
     0 | D:1      | 0 ||| qw: Allow faded altars: false
     0 | D:1      | 0 ||| qw: Do Orc after D:15 true
     0 | D:1      | 0 ||| qw: Do second Lair branch before Depths: true
     0 | D:1      | 0 ||| qw: Lair rune preference: random
     0 | D:1      | 0 ||| qw: Plans: Normal
     0 | D:1      | 0 ||| PLANNING D:1-11
   241 | D:1      | Reached XP level 2. HP: 17/17 MP: 6/6
   322 | D:1      | Reached skill level 3 in Axes
   837 | D:1      | 837 ||| READING scroll labelled EFIESE IDUOME.
   838 | D:1      | 838 ||| READING 2 scrolls labelled BEPPIUM NINEIRPH.
   839 | D:1      | 839 ||| READING scroll labelled TATAG ZYIXE.
   840 | D:1      | 840 ||| DRINKING 2 metallic clear potions.
   841 | D:1      | 841 ||| DROPPING scroll of blinking.
   842 | D:1      | 842 ||| DROPPING potion of flight.
   882 | D:2      | Reached XP level 3. HP: 9/21 MP: 7/7
  1114 | D:2      | Reached skill level 4 in Axes
  1523 | D:2      | Found a faded altar of an unknown god.
  1581 | D:2      | Noticed Sigmund
  1588 | D:2      | HP: 5/21 [Sigmund/+0 scythe (8)]
  1592 | D:2      | Slain by Sigmund

Levels and vault maps discovered:
D:1:      dpeg_arrival_pond, layout_basic
D:2:      layout_rooms, dreamdust_ecumenical_altar_drowned_temple,
          grunt_ministairs_12, minmay_misc_feat_cross, minmay_tripent,
          uniq_sigmund

Skill      XL: |  1  2  3 |
---------------+----------+-----
Axes           | 3 4 |  4.4
Fighting       | |  2.0
Throwing       | |  1.0
Armour         | |  1.1
Dodging        | |  2.1
Spellcasting   | |  2.0
Translocations | |  2.4

Action                   || total
-------------------------++-------
Melee: Hand axe          ||    81
       Kick              ||    24
       Peck              ||     7
       Punch             ||     1
Throw: Boomerang         ||     7
  Use: Scroll            ||     3
       Potion            ||     1
 Stab: Sleeping          ||     1
Armor: Leather armour    ||    13
Dodge: Dodged            ||    32

Table legend:
 A = Non-vault XP
 B = Vault XP
 C = Vault XP percentage of total XP
 D = Non-vault monster count
 E = Vault monster count
 F = Vault count percentage of total count
                 A         B        C        D         E       F
            +---------+---------+-------+---------+---------+-------
      Total |      57 |      18 |  24.0 |      29 |       4 |  12.1
            +---------+---------+-------+---------+---------+-------
        D:1 |      27 |       0 |   0.0 |      16 |       0 |   0.0
        D:2 |      30 |      18 |  37.5 |      13 |       4 |  23.5
            +---------+---------+-------+---------+---------+-------
